Construct Infanterie Kompanie
Selects Mechanized Battlegroup
Construct Panzergrenadier Kompanie
Pak 40 Anti-tank Gun Team
Selects Mobile Repair Stations
Selects 8 Rad Armored Car
Pak 40 Anti-tank Gun Team
Selects Wespe Self-propelled Artillery
Wespe Self-propelled Artillery
Wespe Self-propelled Artillery
Selects Zeroing Artillery Barrage
Zeroing Artillery Barrage
Selects UNKNOWN (2160084)
Zeroing Artillery Barrage
Construct Panzer Kompanie
Zeroing Artillery Barrage
Zeroing Artillery Barrage
Zeroing Artillery Barrage